AoeStats
← tapugae

Golden Pit

509469914Analyzed
1v1 RM · 6d ago on Sep 26, 2026· 25m 58s· 2 players
Game mode
Random Map
Map size
Tiny (2 player)
Population
200
Speed
Normal
Resources
Standard
Victory
Conquest
Starting age
Dark Age
Ending age
Imperial Age
RankedLock teamsTeams togetherTeam positionsShared explorationLock speedFull tech treeHidden civsTurbo modeCheats
Victory
Defeat
🇺🇸 Malians · United States
712
+15
🇰🇷 Poles · South Korea
684
-15
tapugae
11:31 Feudal Age
12:46 Wheelbarrow
12:35 Double-Bit Axe
14:35 Man-at-Arms
14:48 Man-at-Arms
18:26 Arson
19:01 Horse Collar
22:17 Castle Age
20:12 Fletching
21:22 Gold Mining
25:20 Castle Age
superhillbilly
10:38 Feudal Age
16:44 Castle Age
15:29 Double-Bit Axe
19:15 Double-Bit Axe
22:54 Loom
Connection lost

Rejoining the realm…

Still unreachable

The connection could not be restored.

Session expired

The server has moved on; the page needs a fresh start.